 Dungeon Crawl Stone Soup version 0.28.0 (webtiles) character file.

Game seed: 13851129034706207788

17014 browni3141 the Blocker (level 12, 0/107 HPs)
             Began as a Minotaur Berserker on Feb 10, 2022.
             Was an Elder of Trog.
             Slain by a komodo dragon (22 damage)
             ... on level 1 of the Lair of Beasts.
             The game lasted 00:09:42 (10940 turns).

browni3141 the Blocker (Minotaur Berserker)        Turns: 10940, Time: 00:09:42

Health: 0/107      AC: 16    Str: 33    XL:     12   Next: 15%
Magic:  0/11       EV: 10    Int:  4    God:    Trog [****..]
Gold:   361        SH: 17    Dex: 11    Spells: 11/11 levels left

rFire   . . .      SeeInvis .   i - +8 mace of Obiurex {vamp, rC+ Str+4}
rCold   + . .      Faith    .   D - +0 tower shield
rNeg    . . .      Spirit   +   k - +0 chain mail
rPois   .          Reflect  .   (helmet restricted)
rElec   .          Harm     .   o - +0 cloak
rCorr   .          Rampage  .   z - +2 pair of gloves {Str+3}
Will    .....                   (no boots)
Stlth   ..........              l - amulet of guardian spirit
HPRegen 0.27/turn               (no ring)
MPRegen 0.12/turn               (no ring)

@: no status effects
A: horns 2, retaliatory headbutt
a: Renounce Religion, Berserk, Trog's Hand, Brothers in Arms


You were on level 1 of the Lair of Beasts.
You worshipped Trog.
Trog was greatly pleased with you.
You visited 3 branches of the dungeon, and saw 14 of its levels.

You collected 640 gold pieces.
You spent 279 gold pieces at shops.

Inventory:

Hand Weapons
 a - a +0 hand axe
 i - the +8 mace of Obiurex (weapon) {vamp, rC+ Str+4}
   (You found it on level 5 of the Dungeon)

   It occasionally heals its wielder for a portion of the damage dealt when it
   wounds a living foe.
   Str:       It affects your strength (+4).
   rC:        It protects you from cold.
Missiles
 q - 5 curare-tipped darts (quivered)
Armour
 b - a +0 animal skin
 k - a +0 chain mail (worn)
 o - a +0 cloak (worn)
 z - a +2 pair of gloves of strength (worn)
 D - a +0 tower shield (worn)
Jewellery
 l - an amulet of guardian spirit (around neck)
 M - a ring of ice
Wands
 g - a wand of charming (4)
 u - a wand of flame (14)
 x - a wand of polymorph (5)
 y - a wand of mindburst (17)
Scrolls
 c - 3 scrolls of teleportation
 e - 4 scrolls of magic mapping
 n - a scroll of enchant armour
 r - 2 scrolls of noise
 s - 3 scrolls of blinking
 t - 2 scrolls of torment
 v - 2 scrolls of silence
 C - 2 scrolls of immolation
 F - a scroll of summoning
 G - a scroll of holy word
 I - 2 scrolls of enchant weapon
 K - a scroll of fear
 N - 3 scrolls of amnesia {unknown}
 O - a scroll of identify
Potions
 d - a potion of cancellation {unknown}
 f - 3 potions of curing
 h - a potion of degeneration {unknown}
 j - a potion of berserk rage {unknown}
 m - a potion of invisibility {unknown}
 p - 2 potions of flight {unknown}
 w - a potion of lignification {unknown}
 A - 2 potions of ambrosia {unknown}
 B - a potion of heal wounds {unknown}
 E - a potion of might {unknown}
 H - a potion of brilliance
 J - a potion of resistance {unknown}
 L - 2 potions of haste {unknown}


   Skills:
 - Level 10.5 Fighting
 - Level 10.5 Axes
 - Level 10.2 Armour
 - Level 9.4 Dodging
 * Level 13.6 Shields


You had 11 spell levels left.
You didn't know any spells.
Your spell library was empty.

Dungeon Overview and Level Annotations

Branches:
Dungeon (12/15)              Lair (1/6) D:11            Orc (1/2) D:10
 Temple: D:4-7

Altars:
Dithmenos
Kikubaaqudgha
Okawaru
Sif Muna
Vehumet
Yredelemnul

Shops:
D:4 *   D:6 [   D:8 *   D:9 *!?(


Innate Abilities, Weirdness & Mutations

You have a pair of horns on your head.
You reflexively headbutt those who attack you in melee.


Message History

The komodo dragon is lightly wounded.
The komodo dragon bites you but does no damage.
The komodo dragon bites you!! You block the komodo dragon's attack.
The komodo dragon barely misses you.
You hit the komodo dragon. Your headbutt misses the komodo dragon.
The komodo dragon is moderately wounded.
The komodo dragon bites you.
The komodo dragon bites you but does no damage.
You sock the komodo dragon! Your headbutt misses the komodo dragon.
The komodo dragon is heavily wounded.
The komodo dragon barely misses you. You block the komodo dragon's attack.
You barely miss the komodo dragon.
The komodo dragon is heavily wounded.
You block the komodo dragon's attack. x2; The komodo dragon barely misses you.
The komodo dragon bites you!!
You sock the komodo dragon!
The komodo dragon is moderately wounded.
You hit the komodo dragon.
You feel better.
You headbutt the komodo dragon!
The komodo dragon is severely wounded.
You block the komodo dragon's attack. The komodo dragon barely misses you.
You furiously retaliate!
You headbutt the komodo dragon! You sock the komodo dragon!
The komodo dragon is heavily wounded.
You block the komodo dragon's attack.
You sock the komodo dragon!
You feel better.
You kill the komodo dragon!
Trog accepts your kill. The komodo dragon barely misses you.
The komodo dragon bites you!
You closely miss the komodo dragon. You headbutt the komodo dragon!
The komodo dragon is severely wounded.
The komodo dragon bites you!
* * * LOW HITPOINT WARNING * * *
The komodo dragon bites the plant!!
The plant begins to die.
You are too injured to fight recklessly!
You see here a +3 long sword.
You bludgeon the plant!!
The plant begins to die.
You headbutt the plant.
The plant is lightly damaged.
A nearby plant withers and dies.
The komodo dragon bites you!!
You die...

#.# #P......# #.#
##..##.$# #.# #†P## (#
#.# #...## # ..#
#.P..#### .#####
#.######.
##..##..##..P..#
#........
##.#....#.P...
..#.##.P. ##ll..###...#
..###
#.##..##P@.####...# P.#
............(....## #.#
..####.....##...#.# #.#
#.# ##.###.##.P.#####
..# P.# #.##
##......... #.# #.##
#.P# ##†#.##.## #.#
#..# ##..####.†### #
..######.####P........#
#..............†......#


You could see 2 komodo dragons.

Vanquished Creatures
  Snorg (D:10)
  Pikel (D:8)
  The ghost of Esekla the Thaumaturge, a novice DEWn of Okawaru (D:7)
  2 oklob plants (D:11)
  A deep elf pyromancer (D:10)
  Maurice (D:9)
  A cane toad (Lair:1)
  A komodo dragon (Lair:1)
  2 trolls
  2 hornets
  A wyvern (D:11)
  3 shadows
  A wraith (D:9)
  25 yaks
  A basilisk (Lair:1)
  10 vampire mosquitoes
  A steam dragon (D:9)
  4 acid dragons
  2 water moccasins
  An ice beast (D:5)
  3 black bears
  6 orc warriors
  3 necrophages
  2 ogres (D:6)
  8 centaurs
  A kobold brigand (D:10)
  2 bullfrogs
  A water moccasin zombie (D:5)
  3 scorpions
  2 wyvern zombies (D:7)
  12 killer bees
  3 wights (D:8)
  An electric eel (D:10)
  9 centaur zombies
  A jelly (D:6)
  5 orc priests
  2 gnoll shamans
  6 iguanas
  4 orc wizards
  3 killer bee zombies
  3 howler monkey zombies
  9 gnolls
  A howler monkey skeleton (D:7)
  3 adders
  3 white imps
  A worm (D:2)
  A dart slug (D:1)
  60 orcs
  3 endoplasms
  3 goblins
  2 hobgoblins
  2 quokkas
  A bat (D:1)
  A frilled lizard (D:3)
  8 kobolds
  3 rats
243 creatures vanquished.

Vanquished Creatures (others)
  A fungus (Lair:1)
  6 plants
7 creatures vanquished.

Grand Total: 250 creatures vanquished

Notes
Turn   | Place    | Note
-------+----------+-------------------------------------------
     0 | D:1      | browni3141 the Minotaur Berserker began the quest for the
                  | Orb.
     0 | D:1      | Reached XP level 1. HP: 19/19 MP: 0/0
   104 | D:1      | Reached XP level 2. HP: 26/27 MP: 1/1
   180 | D:2      | Found a faded altar of an unknown god.
   733 | D:3      | Reached XP level 3. HP: 33/33 MP: 2/2
   917 | D:4      | Found Saic's Assorted Antiques.
   931 | D:4      | Reached ** piety under Trog
  1194 | D:5      | Entered Level 5 of the Dungeon
  1194 | D:5      | Noticed a black bear
  1200 | D:5      | Killed a black bear
  1201 | D:5      | Reached XP level 4. HP: 41/41 MP: 3/3
  1201 | D:5      | Reached XP level 5. HP: 47/47 MP: 4/4
  1285 | D:5      | HP: 2/47 [poisoned by a scorpion]
  1579 | D:5      | Found an iron altar of Okawaru.
  1589 | D:5      | Identified the +8 mace of Obiurex {vamp, rC+ Str+4}
  1610 | D:5      | Noticed a water moccasin
  1618 | D:5      | Killed a water moccasin
  1619 | D:5      | Reached skill level 5 in Fighting
  1619 | D:5      | Reached skill level 5 in Axes
  1619 | D:5      | Reached XP level 6. HP: 56/56 MP: 5/5
  1669 | D:5      | Noticed an orc warrior
  1677 | D:5      | Killed an orc warrior
  2051 | D:5      | Noticed an ice beast
  2058 | D:5      | Killed an ice beast
  2059 | D:5      | Reached skill level 5 in Armour
  2059 | D:5      | Reached XP level 7. HP: 62/62 MP: 6/6
  2238 | D:6      | Found Neegycah's Armour Shoppe.
  2312 | D:6      | Reached skill level 5 in Dodging
  2484 | D:6      | Found a shimmering blue altar of Sif Muna.
  2489 | D:6      | Reached XP level 8. HP: 71/71 MP: 7/7
  3106 | D:6      | Found a basalt altar of Yredelemnul.
  3955 | D:7      | Found a shadowy altar of Dithmenos.
  4038 | D:7      | Found a runed translucent gate.
  4038 | D:7      | Found a runed translucent gate.
  4041 | D:7      | Found a runed translucent gate.
  4043 | D:7      | Noticed Esekla's ghost (novice DEWn)
  4066 | D:7      | Killed Esekla's ghost
  4067 | D:7      | Reached XP level 9. HP: 81/81 MP: 8/8
  4129 | D:7      | Reached *** piety under Trog
  4196 | D:7      | Noticed a troll
  4204 | D:7      | Killed a troll
  4540 | D:8      | Found Roask's General Store.
  4764 | D:8      | Noticed Pikel
  4773 | D:8      | Killed Pikel
  4933 | D:8      | Reached XP level 10. HP: 57/91 MP: 7/9
  5114 | D:8      | Paralysed by a hornet for 1 turns
  5119 | D:8      | Paralysed by a hornet for 2 turns
  5767 | D:6      | Bought a +2 pair of gloves of strength for 279 gold pieces
  5895 | D:9      | Reached skill level 10 in Axes
  5898 | D:9      | Reached skill level 10 in Fighting
  6009 | D:9      | Found Oba Hem's Magic Scroll Shop.
  6012 | D:9      | Found Dyanasu's Distillery.
  6026 | D:9      | Found Zorank's Antique Weapon Shoppe.
  6198 | D:9      | Paralysed by a hornet for 2 turns
  6372 | D:9      | Found Till's General Store.
  6526 | D:9      | Noticed Maurice
  6535 | D:9      | Reached skill level 1 in Shields
  6537 | D:9      | Killed Maurice
  6538 | D:9      | Reached skill level 10 in Armour
  6538 | D:9      | Reached skill level 2 in Shields
  6753 | D:10     | Entered Level 10 of the Dungeon
  6768 | D:10     | Reached skill level 3 in Shields
  7033 | D:10     | Found a staircase to the Orcish Mines.
  7045 | D:10     | Reached **** piety under Trog
  7050 | D:10     | Reached skill level 4 in Shields
  7190 | D:10     | Reached XP level 11. HP: 93/101 MP: 8/10
  7249 | D:10     | Reached skill level 5 in Shields
  7724 | D:10     | Found an ancient bone altar of Kikubaaqudgha.
  7746 | D:10     | Found a radiant altar of Vehumet.
  7845 | D:11     | Noticed Snorg
  7890 | Orc:1    | Entered Level 1 of the Orcish Mines
  8076 | D:11     | Noticed an oklob plant
  8080 | D:11     | Noticed an oklob plant
  8155 | D:11     | Reached skill level 6 in Shields
  8168 | D:11     | Reached skill level 7 in Shields
  8290 | D:12     | Reached skill level 8 in Shields
  8824 | D:10     | Killed Snorg
  8825 | D:10     | Reached skill level 9 in Shields
  8877 | D:11     | Reached skill level 10 in Shields
  9059 | D:11     | Noticed a deep elf pyromancer
  9267 | D:11     | Reached skill level 11 in Shields
  9914 | D:10     | Killed a deep elf pyromancer
  9915 | D:10     | Reached skill level 12 in Shields
 10219 | D:11     | Found a staircase to the Lair.
 10318 | D:11     | Killed an oklob plant
 10407 | D:11     | Killed an oklob plant
 10534 | Lair:1   | Entered Level 1 of the Lair of Beasts
 10584 | Lair:1   | Reached XP level 12. HP: 87/107 MP: 9/11
 10824 | Lair:1   | Reached skill level 13 in Shields
 10940 | Lair:1   | Slain by a komodo dragon

Illustrated notes

Levels and vault maps discovered:
D:1:      ebering_hopf_link, layout_basic
D:2:      layout_rooms, serial_shops, shop, basic_altar,
          hellmonk_ecumenical_altar_zigzags
D:3:      layout_basic, tgw_xom
D:4:      layout_basic, chequers_temple_overflow_minitemple,
          minmay_temple_entry_junction, minmay_misc_feat_four_crosses,
          nicolae_stop_n_shop_2, minivault_1
D:5:      layout_cave_pods, okawaru_ov_weapons_minmay,
          nicolae_hepliaklqana_monster_ancestors, small_statue_intersection,
          minmay_diced_spiral
D:6:      layout_layer_cave, nicolae_overflow_crystal_walls,
          lemuel_zombie_altar_yredelemnul, serial_shops, shop,
          grunt_ministairs_11
D:7:      wad_pebble_path, layout_basic, lemuel_doored_altar,
          ebering_ghost_rock_garden, dk_noncrumbling_4
D:8:      layout_basic, serial_shops, nicolae_stop_n_shop_2, uniq_pikel
D:9:      layout_rooms, serial_shops, shop, shop, shop, shop, minmay_orc_keep,
          uniq_maurice
D:10:     layout_loops_cross, nicolae_overflow_squiral, hiddenorc2_lemuel
D:11:     layout_rooms, dpeg_oklobed_lair, minmay_increasing_density, uniq_snorg
D:12:     layout_cave_pods
Lair:1:   beast_lair_carwin_large_2, layout_small_grid, basic_altar
Orc:1:    layout_caves, nicolae_orc_tapped_out

Skill      XL: |  1  2  3  4  5  6  7  8  9 10 11 12 |
---------------+-------------------------------------+-----
Axes           | 4 5 6 8 9 10 | 10.5
Fighting       | 4 5 6 8 9 10 | 10.5
Armour         | 3 4 5 6 7 9 10 | 10.2
Dodging        | 3 4 5 7 8 9 |  9.4
Shields        | 4 12 13 | 13.6

Action                   |  1- 3 |  4- 6 |  7- 9 | 10-12 || total
-------------------------+-------+-------+-------+-------++-------
Melee: Hand axe          |    42 |     7 |       |       ||    49
       Headbutt          |     5 |     5 |    45 |    82 ||   137
       Mace              |       |    24 |   155 |   397 ||   576
       Punch             |       |       |     3 |     9 ||    12
Throw: Dart              |       |       |       |     2 ||     2
Invok: Berserk           |     1 |     4 |     7 |    13 ||    25
Evoke: Wand              |       |       |       |     2 ||     2
  Use: Scroll            |       |       |       |    13 ||    13
 Stab: Sleeping          |     1 |       |       |       ||     1
Armor: Animal skin       |     7 |       |       |       ||     7
       Chain mail        |       |     8 |    98 |   305 ||   411
Dodge: Dodged            |    23 |    20 |    93 |   348 ||   484
Block: Tower shield      |       |       |       |    30 ||    30
